 Dungeon Crawl Stone Soup version 0.18-a0-1577-gf591c28 (webtiles) character file.

20906 angel3174 the Basher (level 12, -1/79 HPs)
             Began as a Gargoyle Berserker on Mar 17, 2016.
             Was a High Priest of Trog.
             Killed from afar by a deep elf mage (5 damage)
             ... with a sticky flame
             ... on level 13 of the Dungeon.
             The game lasted 01:10:48 (14698 turns).

angel3174 the Basher (Gargoyle Berserker)          Turns: 14698, Time: 01:10:48

Health: -1/79      AC: 37    Str: 24    XL:     12   Next: 84%
Magic:  14/14      EV: 10    Int:  9    God:    Trog [*****.]
Gold:   1106       SH:  0    Dex: 10    Spells: 0 memorised, 11 levels left

rFire  . . .     SeeInvis .     L - +2 flail (protect)
rCold  . . .     Gourm    .     z - +0 plate armour
rNeg   + + .     Faith    .     (no shield)
rPois  ∞         Spirit   .     b - +2 helmet
rElec  +         Dismiss  .     y - +0 cloak
rCorr  .         Reflect  .     (no gloves)
SustAt .         Harm     .     x - +2 pair of boots
MR     ++...                    J - amulet of regeneration
Stlth  ..........               (no ring)
                                d - ring of positive energy

@: liquid flames, about to teleport, regenerating, glowing, very resistant to
hostile enchantments, extremely unstealthy
A: negative energy resistance 1, electricity resistance, unbreathing,
petrification resistance, rot immunity, AC +8
a: Berserk, Trog's Hand, Brothers in Arms, Burn Spellbooks, Renounce Religion


You were on level 13 of the Dungeon.
You worshipped Trog.
Trog was extremely pleased with you.
You were not hungry.

You visited 1 branch of the dungeon, and saw 13 of its levels.
You also visited: Sewer and Ossuary.

You collected 1166 gold pieces.
You spent 60 gold pieces at shops.

Inventory:

Hand Weapons
 a - a +2 mace of draining
 L - a +2 flail of protection (weapon)
 P - a +0 quarterstaff of speed
 U - a +3 blowgun of evasion
 W - a +2 antimagic dire flail
Missiles
 m - 105 poisoned needles
Armour
 b - a +2 helmet (worn)
 h - a troll hide
 x - a +2 pair of boots (worn)
 y - a +0 cloak (worn)
 z - a +0 plate armour (worn)
 A - a steam dragon hide
Jewellery
 d - a ring of positive energy (left hand)
 l - a +5 amulet of reflection
 B - an uncursed amulet of guardian spirit
 J - an amulet of regeneration (around neck)
Wands
 f - a wand of slowing (20/48)
 j - a wand of acid (7/15)
 C - a wand of disintegration (16/24)
 D - a wand of enslavement (5/24)
 F - a wand of flame (12/48)
 K - a wand of random effects (24/48)
Scrolls
 e - 2 scrolls of fog
 o - a scroll of magic mapping
 p - 3 scrolls of remove curse
 s - 2 scrolls of teleportation
Potions
 g - 3 potions of degeneration
 k - 2 potions of ambrosia
 q - 7 potions of curing
 r - a potion of agility
 v - 2 potions of flight
 R - a potion of mutation
 T - a potion of magic {unknown}
Books
 H - a book of Ice

   Spells                             Type                      Level
   a - Ice Form                       Ice/Transmutation            4
   b - Metabolic Englaciation         Hexes/Ice                    5
   c - Ozocubu's Refrigeration        Ice                          6
   d - Bolt of Cold                   Conjuration/Ice              6
   e - Freezing Cloud                 Conjuration/Ice/Air          6
   f - Simulacrum                     Ice/Necromancy               6
   Trog disapproves of the use of such an item.
 Q - a book of Hinderance

   Spells                             Type                      Level
   a - Confusing Touch                Hexes                        2
   b - Confuse                        Hexes                        3
   c - Gell's Gravitas                Hexes/Translocation          3
   d - Petrify                        Transmutation/Earth          4
   e - Metabolic Englaciation         Hexes/Ice                    5
   f - Yara's Violent Unravelling     Hexes/Transmutation          5
   Trog disapproves of the use of such an item.
Miscellaneous
 u - an ornate deck of summoning {drawn: 2}
 G - a sack of spiders {used: 3}
Comestibles
 c - 2 bread rations
 i - 3 meat rations
 n - 3 chunks of flesh
 M - 24 fruits
 N - a slice of pizza


   Skills:
 * Level 10.7 Fighting
 * Level 11.5 Maces & Flails
   Level 1.0 Bows
 + Level 1.3 Throwing
 * Level 11.0 Armour
 * Level 8.9 Dodging
 + Level 3.5 Evocations


You had 11 spell levels left.
You didn't know any spells.

Dungeon Overview and Level Annotations

Branches:
Dungeon (13/15)            Temple (0/1) D:6            Lair (0/8) D:11
    Orc (0/2) D:9          Vaults (0/5) D:13

Altars:
Dithmenos
Fedhas
Kikubaaqudgha
Nemelex Xobeh
Pakellas
Qazlal
Ru
Vehumet
The Shining One

Shops:
D:11 ::(

Portals:
Trove: D:11 (show slimy rune of Zot)


Innate Abilities, Weirdness & Mutations

You are resistant to torment.
Your stone body is resilient (AC +8).
You are immune to poison.
You resist negative energy.
You are resistant to electric shocks.
You can survive without breathing.
You are immune to petrification.
You are immune to rotting.


Message History

The yaktaur captain hits you but does no damage.
As you read the scroll of immolation, it crumbles to dust.
The creatures around you are filled with an inner flame!
You are covered in liquid flames!
* * * LOW HITPOINT WARNING * * *
The yak closely misses you.
The deep elf mage hits you but does no damage.
Your soldier ant closely misses the yak.
The yaktaur captain barely misses you.
Evoke which item? (* to show all) (? for menu, Esc to quit)
You reach into the bag... ...and things crawl out!
The yaktaur captain is caught in a web!
The yak evades a web.
The deep elf mage is caught in a web!
You are covered in liquid flames!
* * * LOW HITPOINT WARNING * * *
The yak completely misses you. The yak gores you but does no damage.
The deep elf mage gestures at you while chanting.
The sticky flame hits you!
You are covered in liquid flames!
You die...

#.....# #.....#
#.....# #.....#
#.....# ##
#.....###########...
#.........a..a......
....##a##.aYcYe......
. #...#.YcY@.......
#...#Y########...
#...Y(# #####Y#####
#YY...# #........#
#...........
#...........
#...........


You could see a yaktaur captain (inner flame), a yaktaur (inner flame), a deep
elf mage (inner flame), 5 yaks, 2 friendly soldier ants and a friendly worker
ant.

Vanquished Creatures
  2 hill giants
  The ghost of tasslehoff34 the Chopper, a novice MiGl (D:6)
  Joseph (D:10)
  A komodo dragon (D:11)
  The ghost of Tomstefer the Cudgeler, an amateur MiBe of Trog (D:5)
  7 trolls
  4 polar bears (D:8)
  A two-headed ogre (D:10)
  A shadow (D:12)
  3 wyverns
  9 yaks
  A basilisk (D:11)
  4 hippogriffs
  A steam dragon (D:7)
  A water moccasin (D:10)
  An ice beast (D:8)
  3 orc warriors
  2 phantoms
  3 sky beasts
  A necrophage (D:9)
  4 ogres
  2 wolves (D:8)
  3 centaurs
  2 crocodiles
  7 giant frogs
  11 big kobolds
  Blork the orc (D:6)
  2 elf zombies (Ossuary)
  A gnoll sergeant (D:6)
  4 jellies
  4 scorpions
  11 killer bees
  An electric eel (D:8)
  5 howler monkeys
  6 crimson imps
  3 human zombies (Ossuary)
  3 giant frog zombies
  2 quasits
  A giant frog skeleton (D:10)
  6 hounds
  6 orc priests
  5 iguanas
  14 orc wizards
  Natasha (thrice) (D:3)
  4 worker ants
  2 hound zombies
  2 hound skeletons
  2 mummies (Ossuary)
  A howler monkey zombie (D:10)
  Robin (D:3)
  2 worker ant zombies
  3 gnolls (D:2)
  4 howler monkey skeletons
  6 adders
  A hound simulacrum (D:8)
  A shadow imp (D:5)
  3 white imps (D:8)
  2 ufetubi (D:8)
  An ooze (D:3)
  2 adder skeletons
  4 worms
  4 giant geckos
  36 orcs
  12 bats
  5 giant cockroaches
  10 goblins
  7 hobgoblins
  5 jackals
  20 kobolds
  3 quokkas
  2 ball pythons
  A giant gecko simulacrum (D:8)
  6 giant newts
  8 hobgoblin zombies (Ossuary)
  3 jackal zombies
  15 kobold zombies (Ossuary)
  5 orc zombies (Ossuary)
  7 rats
  A rat zombie (Ossuary)
346 creatures vanquished.

Vanquished Creatures (collateral kills)
  An orc warrior (D:9)
  8 big kobolds (D:12)
  A howler monkey (D:9)
  3 orc wizards (D:9)
  6 orcs (D:9)
19 creatures vanquished.

Vanquished Creatures (others)
  An unseen horror (D:13)
  A hippogriff (D:11)
  2 electric eels (D:13)
4 creatures vanquished.

Grand Total: 369 creatures vanquished

Notes
Turn   | Place    | Note
--------------------------------------------------------------
     0 | D:1      | angel3174 the Gargoyle Berserker began the quest for the Orb.
     0 | D:1      | Reached XP level 1. HP: 14/14 MP: 1/1
   203 | D:1      | Reached XP level 2. HP: 13/19 MP: 2/2
  1006 | D:2      | HP: 1/20 [worm (5)]
  1008 | D:2      | Reached XP level 3. HP: 1/24 MP: 3/3
  1753 | D:2      | Reached ** piety under Trog
  1770 | D:2      | Reached XP level 4. HP: 24/29 MP: 4/4
  1782 | D:2      | Found a sacrificial altar of Ru.
  2424 | D:3      | Noticed Natasha
  2459 | D:3      | Found a faded altar to an unknown god.
  2566 | D:3      | Noticed Robin
  2577 | D:3      | Killed Robin
  2577 | D:3      | Reached XP level 5. HP: 33/33 MP: 5/5
  2799 | D:3      | Killed Natasha
  3066 | D:3      | Noticed Natasha
  3077 | D:3      | Killed Natasha
  3077 | D:3      | Reached *** piety under Trog
  3200 | D:3      | Reached XP level 6. HP: 36/39 MP: 6/6
  3436 | D:3      | Noticed Natasha
  3441 | D:3      | Killed Natasha
  4308 | D:5      | Entered Level 5 of the Dungeon
  4308 | D:5      | Noticed Tomstefer's ghost (amateur MiBe)
  4326 | D:5      | Found a stormy altar of Qazlal.
  4617 | D:5      | Killed Tomstefer's ghost
  4617 | D:5      | Reached XP level 7. HP: 6/44 MP: 7/7
  4704 | D:5      | Found a blossoming altar of Fedhas.
  4758 | D:5      | Reached skill level 5 in Fighting
  4788 | D:5      | Found a glowing drain.
  4799 | Sewer    | Entered a sewer
  5330 | D:5      | Reached skill level 5 in Maces & Flails
  5366 | D:5      | Found a shadowy altar of Dithmenos.
  5367 | D:5      | Found a radiant altar of Vehumet.
  5367 | D:5      | Found an oddly glowing altar of Pakellas.
  5372 | D:5      | Reached XP level 8. HP: 43/49 MP: 8/8
  5373 | D:5      | Found a sparkling altar of Nemelex Xobeh.
  5373 | D:5      | Found an ancient bone altar of Kikubaaqudgha.
  5503 | D:5      | Reached skill level 1 in Throwing
  5763 | D:5      | Reached skill level 5 in Armour
  5763 | D:5      | Reached skill level 5 in Dodging
  5909 | D:6      | Noticed tasslehoff34's ghost (novice MiGl)
  6355 | D:6      | Noticed Blork the orc
  6366 | D:6      | Killed Blork the orc
  6613 | D:6      | Found a glowing golden altar of the Shining One.
  6767 | D:6      | Killed tasslehoff34's ghost
  6767 | D:6      | Reached XP level 9. HP: 48/55 MP: 9/9
  6853 | D:6      | Found a staircase to the Ecumenical Temple.
  8383 | D:7      | HP: 2/56 [acid (10)]
  8817 | D:8      | Noticed a polar bear
  8825 | D:8      | Reached **** piety under Trog
  8868 | D:8      | Killed a polar bear
  8868 | D:8      | Reached XP level 10. HP: 48/63 MP: 10/10
  9068 | D:8      | HP: 2/63 [polar bear (3)]
  9322 | D:8      | Found a sand-covered staircase.
  9343 | Ossuary  | Entered an ossuary
 11295 | D:9      | Reached XP level 11. HP: 69/69 MP: 11/11
 11298 | D:9      | Found a staircase to the Orcish Mines.
 11322 | D:9      | Reached skill level 10 in Maces & Flails
 11322 | D:9      | Reached XP level 12. HP: 73/76 MP: 11/14
 11411 | D:9      | Reached ***** piety under Trog
 11504 | D:10     | Entered Level 10 of the Dungeon
 11598 | D:10     | Noticed Joseph
 11608 | D:10     | Reached skill level 10 in Armour
 11637 | D:10     | Killed Joseph
 11714 | D:10     | Reached skill level 1 in Bows
 12192 | D:11     | Received a gift from Trog
 12303 | D:11     | Reached skill level 10 in Fighting
 12470 | D:11     | Found Vuly's Book Emporium.
 12656 | D:11     | Found a staircase to the Lair.
 12675 | D:11     | Found Newazxoh's Antique Weapon Boutique.
 12842 | D:11     | Bought a glowing blowgun for 60 gold pieces
 12889 | D:11     | Found Tidejous's Book Emporium.
 13166 | D:11     | Found a portal to a secret trove of treasure.
 14372 | D:12     | Received a gift from Trog
 14667 | D:13     | Noticed a yaktaur captain
 14667 | D:13     | Found a gate to the Vaults.
 14697 | D:13     | HP: 3/79 [burnt (2)]
 14698 | D:13     | Killed from afar by a deep elf mage

Vault maps used:
D:1:      wheals_arrival_shading, minmay_misc_feat_cross
D:2:      first_bread, nicolae_ru_path_of_blood
D:3:      ecumenical_altar_2, uniq_natasha, uniq_robin
D:5:      grunt_temple_overflow_forces_of_nature, grunt_temple_overflow_open,
          gup_sewer_entry_bowl
D:6:      nicolae_tso_carved_into_rock, minmay_temple_entry_junction,
          kennysheep_pointless_box, uniq_blork_the_orc
D:8:      nicolae_ossuary_entry_ruins, serial_ice, serial_ice_g, serial_ice_n,
          serial_ice_k, serial_ice_o, serial_ice_b, serial_ice_d, serial_ice_c
D:9:      hiddenorc1_lemuel
D:10:     blue_anna_alchemist, uniq_joseph
D:11:     lair_0_dummy, serial_shops, bzr_firewalk, nicolae_shop_trees, shop,
          nicolae_shop_behind_doors, enter_trove_6
D:12:     special_room
D:13:     david_vaults_2, lemuel_freeze_loot_1
Sewer:    sewer_big_baddie
Ossuary:  ossuary_tomb_1

Skill      XL: |  1  2  3  4  5  6  7  8  9 10 11 12 |
---------------+-------------------------------------+-----
Dodging        | 2 3 4 6 7 8 |  8.9
Fighting       | 4 5 7 8 9 10 | 10.7
Armour         | 3 4 5 7 8 9 11 | 11.0
Maces & Flails | 4 5 6 7 9 10 11 | 11.5
Throwing       | 1 |  1.3
Evocations     | 3 |  3.5
Bows           | 1 |  1.0

Action                   |  1- 3 |  4- 6 |  7- 9 | 10-12 || total
-------------------------+-------+-------+-------+-------++-------
Melee: Mace              |   111 |   249 |   546 |   626 ||  1532
       Flail             |       |       |       |   475 ||   475
 Fire: Shortbow          |       |       |       |     7 ||     7
Throw: Stone             |       |     8 |    11 |    10 ||    29
Invok: Berserk           |     2 |     5 |     5 |     3 ||    15
       Trog's Hand       |       |     3 |     8 |     8 ||    19
Evoke: Wand              |       |       |     2 |     4 ||     6
       Deck              |       |       |       |     2 ||     2
       Sack of spiders   |       |       |       |     3 ||     3
  Use: Scroll            |     2 |     5 |     3 |    16 ||    26
       Potion            |       |     1 |     7 |     4 ||    12
  Eat: Chunk             |     1 |    10 |    15 |    11 ||    37
       Meat ration       |     1 |       |       |       ||     1
       Royal jelly       |       |     1 |       |       ||     1
       Beef jerky        |       |     1 |     1 |     2 ||     4
       Bread ration      |       |       |     1 |     2 ||     3
       Fruit             |       |       |     2 |     2 ||     4
